 Dungeon Crawl Stone Soup version 0.26.1-10-gdfb7c7de75 (webtiles) character file.

Game seed: 8817130362767247340

115 tardwrangler69 the Skirmisher (level 4, -23/41 HPs)
             Began as a Minotaur Fighter on Mar 30, 2021.
             Was an Initiate of Okawaru.
             Killed by an exploding a worker ant (42 damage)
             ... exploding inner flame
             ... on level 5 of the Dungeon on Mar 31, 2021.
             The game lasted 00:02:50 (2410 turns).

tardwrangler69 the Skirmisher (Minotaur Fighter)    Turns: 2410, Time: 00:02:51

Health: -23/41     AC:  8    Str: 22    XL:     4   Next: 68%
Magic:  3/3        EV:  9    Int:  5    God:    Okawaru [......]
Gold:   72         SH:  9    Dex:  9    Spells: 3/3 levels left

rFire    . . .     SeeInvis .   a - +1 war axe
rCold    . . .     Faith    .   c - +0 kite shield
rNeg     . . .     Spirit   .   p - +3 ring mail
rPois    +         Reflect  .   (helmet restricted)
rElec    .         Harm     .   (no cloak)
rCorr    +         Rampage  .   (no gloves)
Will     .....                  (no boots)
Stlth    ..........             (no amulet)
HPRegen  0.13/turn              o - ring of poison resistance
MPRegen  0.08/turn              m - ring of resist corrosion

@: no status effects
A: retaliatory headbutt, horns 2
a: Renounce Religion


You were on level 5 of the Dungeon.
You worshipped Okawaru.
Okawaru was noncommittal.
You visited 2 branches of the dungeon, and saw 5 of its levels.

You collected 201 gold pieces.
You spent 129 gold pieces at shops.

Inventory:

Hand Weapons
 a - a +1 war axe (weapon)
Armour
 c - a +0 kite shield (worn)
 p - a +3 ring mail (worn)
Jewellery
 e - an uncursed ring of positive energy
 i - an uncursed ring of protection from cold
 m - a ring of resist corrosion (right hand)
 o - a ring of poison resistance (left hand)
Wands
 b - a wand of acid (5)
Scrolls
 f - 5 scrolls of identify {unknown}
 h - a scroll of remove curse
 j - 3 scrolls of random uselessness {unknown}
Potions
 d - a potion of might
 g - 2 potions of curing {unknown}
 k - a potion of heal wounds
 l - 2 potions of attraction {unknown}
 r - a potion of lignification {unknown}


   Skills:
 + Level 4.3 Fighting
 * Level 4.2 Axes
 + Level 4.2 Armour
 + Level 1.8 Dodging
 - Level 4.0 Shields


You had 3 spell levels left.
You didn't know any spells.
Your spell library contained the following spells:

 Spells                   Type           Power        Failure   Level
 Animate Skeleton         Necr           0%           98%         1
 Pain                     Necr           0%           98%         1
 Vampiric Draining        Necr           0%           100%        3
 Animate Dead             Necr           0%           100%        4
 Agony                    Necr           0%           100%        5


Dungeon Overview and Level Annotations

Branches:
Dungeon (5/15)             Temple (1/1) D:5

Altars:
Cheibriados
Dithmenos
Fedhas
Gozag
Hepliaklqana
Nemelex Xobeh
Okawaru
Qazlal
Ru
Uskayaw
Vehumet
Wu Jian
Xom
Yredelemnul
Zin
The Shining One

Shops:
D:5 *


Innate Abilities, Weirdness & Mutations

You reflexively headbutt those who attack you in melee.
You have a pair of horns on your head.


Message History

The worker ant barely misses you.
The gnoll is engulfed in blazing flames.
Flame seeps out of the gnoll.
You block the gnoll's attack. The gnoll hits you with a +0 spear!
You closely miss the quokka.
Flame seeps out of the quokka.
You headbutt the quokka.
The quokka is heavily wounded.
You barely miss the gnoll. You hit the gnoll. Okawaru accepts your kill.
You hit the worker ant.
Flame seeps out of the worker ant.
The gnoll explodes!
The fiery explosion engulfs you!
The fiery explosion engulfs the gnoll!!!
Okawaru accepts your kill.
The fiery explosion engulfs the worker ant!!!
Okawaru accepts your kill.
The worker ant explodes!
The fiery explosion engulfs you!!!
Ouch! That really hurt!
You die...

,,,,,,,,,,,,,*,**,,,,,**,*
,,,,***,,....#.#*,,,,⌠**,*
,,,,,**,,.......##++###.,*
,,,,**,,,...............,*
≈,,,,**,,>..............,*
≈≈,,,,,,,,,.............,#
≈≈,,,,,,,,,*#...§§§..#*,.*
≈≈,,,,*#..,*#.Wr§°§.##*.#*
≈,,,,,*#..###...@○§..##.#
,,,,*###.....#..§§§.....#
,,,,,.................##*
*,,,,.....≈≈≈≈≈.......#
,,*,,...≈≈≈≈≈≈≈≈≈.....#
,,*,,.≈≈≈≈≈≈≈≈≈≈≈≈≈...#
****,≈≈≈≈≈≈≈≈≈≈≈≈≈≈≈.##
*,**,≈≈≈≈≈≈...≈≈≈≈≈≈.#
,,,,,≈≈≈≈≈≈.>.≈≈≈≈≈≈.#


You could see a phantom (inner flame) and a quokka (inner flame).

Vanquished Creatures
  2 worker ants (D:5)
  5 gnolls (D:5)
  A shadow imp (D:5)
  A worm (D:2)
  2 dart slugs (D:2)
  2 leopard geckos
  4 bats
  3 giant cockroaches
  6 goblins
  5 hobgoblins
  3 quokkas (D:2)
  A ball python (D:3)
  2 frilled lizards
  6 kobolds
  6 rats
49 creatures vanquished.

Notes
Turn   | Place    | Note
-------+----------+-------------------------------------------
     0 | D:1      | tardwrangler69 the Minotaur Fighter began the quest for the
                  | Orb.
     0 | D:1      | Reached XP level 1. HP: 19/19 MP: 0/0
     0 | D:1      | Upgraded the game from 0.26.1-2-gb8aa6d0cf2 to
                  | 0.26.1-10-gdfb7c7de75
   274 | D:1      | Reached XP level 2. HP: 27/27 MP: 1/1
   816 | D:2      | Reached skill level 1 in Dodging
   834 | D:2      | Reached XP level 3. HP: 30/33 MP: 2/2
  1614 | D:3      | You fall into a shaft and drop 2 floors!
  1614 | D:5      | Entered Level 5 of the Dungeon
  1681 | D:5      | Reached XP level 4. HP: 32/40 MP: 3/3
  1843 | D:5      | Found Dayb Bor's Assorted Antiques.
  2040 | D:5      | Bought a scroll labelled MUIFRU TUINIOPN for 27 gold pieces
  2040 | D:5      | Bought a fuming yellow potion for 24 gold pieces
  2040 | D:5      | Bought a scroll labelled ETANLE JUSOACW for 27 gold pieces
  2040 | D:5      | Bought a scroll labelled HITAGE PIOGAL for 27 gold pieces
  2040 | D:5      | Bought a glowing sapphire potion for 24 gold pieces
  2075 | D:5      | Found a staircase to the Ecumenical Temple.
  2076 | D:5      | Found a glowing golden altar of the Shining One.
  2078 | D:5      | Found a sparkling altar of Nemelex Xobeh.
  2102 | Temple   | Entered the Ecumenical Temple
  2372 | Temple   | Became a worshipper of Warmaster Okawaru
  2402 | D:5      | Noticed a phantom
  2410 | D:5      | Killed by an exploding a worker ant... exploding inner
                  | flame

Illustrated notes

Levels and vault maps discovered:
D:1:      tarquinn_simple_flora_water_a, layout_loops_ring
D:2:      layout_loops_ring, kennysheep_nondescript
D:3:      layout_rooms
D:5:      layout_cave_pools, elyvilon_altar_3, kiku_gazebo_garden_becter,
          bloody_makhleb, nicolae_overflow_hidden_temple, temple_pool_b,
          serial_shops, nicolae_shop_temple_entry_statues_fountains,
          serial_gnoll_camp, gnoll_camp_medium_02, gnoll_camp_mini_house,
          gnoll_camp_mini_doghouse, gnoll_camp_mini_shop,
          kennysheep_generic_room_5
Temple:   minmay_temple_curvy_branch

Skill      XL: |  1  2  3  4 |
---------------+-------------+-----
Axes           | 3 4 |  4.2
Dodging        | 1 |  1.8
Fighting       | 4 |  4.3
Shields        | 4 |  4.0
Armour         | 4 |  4.2

Action                   |  1- 3 |  4- 6 || total
-------------------------+-------+-------++-------
Melee: War axe           |    93 |    10 ||   103
       Headbutt          |    10 |     4 ||    14
  Use: Scroll            |       |     4 ||     4
       Potion            |       |     1 ||     1
Armor: Scale mail        |    32 |       ||    32
       Ring mail         |    10 |     3 ||    13
Dodge: Dodged            |    31 |     9 ||    40
Block: Kite shield       |    49 |    15 ||    64
